AoeStats
← oveja83

African Clearing

510417854Analyzed
3v3 RM · 14h ago on Sep 30, 2026· 45m 11s· 6 players
Game mode
Random Map
Map size
Normal (6 player)
Population
200
Speed
Normal
Resources
Standard
Victory
Conquest
Starting age
Dark Age
Ending age
Imperial Age
RankedLock teamsTeams togetherTeam positionsShared explorationLock speedFull tech treeHidden civsTurbo modeCheats
Victory
Defeat
🇨🇳 Wei · China
1014
+17
🇲🇽 Burgundians · Mexico
1011
+17
🇨🇱 Mongols · Chile
989
+18
🇬🇧 Bohemians · United Kingdom
1067
-19
🇵🇪 Aztecs · Peru
1034
-17
🇵🇪 Georgians · Peru
992
-16
DRAGONROJO500
9:24 Loom
13:11 Feudal Age
11:39 Double-Bit Axe
18:27 Forging
18:54 Scale Mail Armor
18:57 Fletching
20:42 Wheelbarrow
21:07 Padded Archer Armor
22:40 Gold Mining
22:57 Arson
28:35 Castle Age
27:37 Hand Cart
28:56 Gold Shaft Mining
28:52 Bow Saw
28:59 Scale Barding Armor
28:52 Cavalier
30:11 Iron Casting
29:40 Elite Skirmisher
31:20 Husbandry
32:03 Bodkin Arrow
32:47 Squires
32:47 Horse Collar
35:05 Chain Barding Armor
36:45 Two-Man Saw
36:15 Heavy Plow
37:46 Leather Archer Armor
41:18 Stone Mining
44:06 Stone Shaft Mining
45:08 Ballistics
44:30 Treadmill Crane
bro
4:48 Loom
16:03 Feudal Age
19:12 Horse Collar
23:49 Castle Age
22:31 Gold Mining
22:36 Stone Mining
23:16 Bloodlines
26:34 Town Watch
30:18 Wheelbarrow
30:40 Heavy Plow
30:31 Double-Bit Axe
31:32 Bow Saw
36:34 Imperial Age
34:48 Fletching
34:59 Padded Archer Armor
35:07 Thumb Ring
36:12 Gold Shaft Mining
35:55 Hand Cart
36:53 Ballistics
36:49 Bodkin Arrow
37:18 Leather Archer Armor
38:15 Crop Rotation
37:48 Tuntian
38:09 Conscription
39:34 Chemistry
40:40 Parthian Tactics
41:05 Bloodlines
40:56 Husbandry
40:50 Light Cavalry
41:37 Bracer
41:49 Forging
41:44 Scale Barding Armor
41:55 Murder Holes
42:43 Hussar
44:04 Iron Casting
43:59 Ring Archer Armor
oveja83
4:22 Loom
12:07 Feudal Age
13:01 Double-Bit Axe
16:12 Town Watch
17:34 Scale Barding Armor
18:35 Forging
21:08 Wheelbarrow
20:56 Bloodlines
24:59 Castle Age
23:00 Stone Mining
23:51 Horse Collar
25:55 Bow Saw
26:27 Gold Mining
26:53 Heavy Plow
27:15 Husbandry
30:16 Gold Shaft Mining
31:34 Thumb Ring
31:21 Fletching
32:31 Padded Archer Armor
33:03 Bodkin Arrow
34:26 Ballistics
35:23 Hand Cart
36:43 Leather Archer Armor
37:24 Chain Barding Armor
38:21 Town Patrol
44:25 Imperial Age
45:30 Conscription
45:47 Bracer
NoSe5762
13:44 Feudal Age
13:45 Man-at-Arms
15:17 Gold Mining
18:18 Forging
20:45 Loom
24:01 Scale Mail Armor
24:11 Double-Bit Axe
28:05 Castle Age
27:05 Bloodlines
27:29 Scale Barding Armor
28:10 Horse Collar
30:55 Wheelbarrow
30:48 Chain Barding Armor
32:40 Bow Saw
34:18 Iron Casting
37:38 Fletching
37:58 Treadmill Crane
38:39 Husbandry
38:09 Elite Skirmisher
41:38 Padded Archer Armor
42:35 Pikeman
44:05 Bodkin Arrow
GamePal
3:27 Loom
15:32 Feudal Age
16:23 Double-Bit Axe
19:04 Fletching
24:40 Castle Age
25:47 Forging
26:06 Padded Archer Armor
27:25 Scale Barding Armor
27:07 Horse Collar
30:07 Husbandry
31:56 Sanctity
31:47 Fervor
31:22 Crossbowman
31:24 Pikeman
32:05 Squires
33:03 Town Watch
33:58 Wheelbarrow
38:48 Wheelbarrow
37:59 Elite Skirmisher
42:34 Chemistry
41:29 Murder Holes
41:45 Masonry
41:55 Ballistics
46:51 Imperial Age
marshall_o18
3:51 Loom
15:00 Feudal Age
20:16 Castle Age
18:20 Double-Bit Axe
19:36 Man-at-Arms
24:54 Scale Mail Armor
25:05 Forging
25:40 Pikeman
27:00 Squires
35:25 Imperial Age
33:08 Town Watch
35:36 Onager
37:54 Chain Mail Armor
38:15 Iron Casting
45:09 Garland Wars
Connection lost

Rejoining the realm…

Still unreachable

The connection could not be restored.

Session expired

The server has moved on; the page needs a fresh start.